Map: Refinery XJ-17

Players

kingsoo

  • Race: Protoss Protoss
  • Spawn Location: 6:00

vitor

  • Race: Protoss Protoss
  • Spawn Location: 6:00

Isabella

  • Race: Protoss Protoss
  • Spawn Location: 7:00

will

  • Race: Zerg Zerg
  • Spawn Location: 7:00

apazapt - Winner!

  • Race: Terran Terran
  • Spawn Location: 0:00

yamato - Winner!

  • Race: Terran Terran
  • Spawn Location: 5:00

Vash - Winner!

  • Race: Protoss Protoss
  • Spawn Location: 3:00

Metasapien - Winner!

  • Race: Zerg Zerg
  • League: Platinum
  • Spawn Location: 0:00

VOD

Have the link to the VOD?

Description

Time

  • Played on: Sept. 23, 2017, 7:30 a.m.
  • Length: 17:34
Show
View Real Time Build Order
Export as new Build Order

kingsoo Protoss 

Build Orders: Nexus First 

Get SALT Encoding   

  12  0:38  Probe (Chrono Boost)  
  13  0:50  Nexus  
  13  1:10  Probe (Chrono Boost)  
  13  1:11  Pylon  
  14  1:20  Probe (Chrono Boost)  
  15  1:31  Gateway  
  15  1:36  Probe (Chrono Boost)  
  15  1:38  Assimilator  
  16  1:44  Assimilator  
  17  1:47  Probe (Chrono Boost)  
  17  1:54  Forge  
  17  2:01  Probe (Chrono Boost)  
  17  2:08  Probe (Chrono Boost)  
  19  2:12  Probe (Chrono Boost)  
  20  2:18  Probe (Chrono Boost)  
  22  2:22  Probe (Chrono Boost)  
  22  2:29  Probe (Chrono Boost)  
  23  2:30  Cybernetics Core  
  23  2:33  Probe (Chrono Boost)  
  24  2:39  Probe (Chrono Boost)  
  24  2:43  Assimilator  
  25  2:50  Probe (Chrono Boost)  
  26  2:54  Assimilator  
  26  3:00  Probe x2 (Chrono Boost)  
  28  3:10  Probe (Chrono Boost)  
  28  3:11  Probe (Chrono Boost)  
  30  3:13  Stargate  
  30  3:15  Pylon  
  30  3:21  Probe (Chrono Boost)  
  31  3:32  Probe (Chrono Boost)  
  31  3:34  Stargate  
  32  3:39  Stargate  
  32  3:42  Probe (Chrono Boost)  
  33  3:53  Probe (Chrono Boost)  
  33  3:54  Probe (Chrono Boost)  
  35  4:03  Probe (Chrono Boost)  
  35  4:04  Probe (Chrono Boost)  
  35  4:06  Void Ray  
  35  4:07  Pylon  
  41  4:15  Probe (Chrono Boost)  
  42  4:18  Void Ray  
  46  4:26  Void Ray  
  50  4:31  Protoss Air Weapons Level 1 (Chrono Boost)  
  50  4:34  Probe  
  51  4:45  Probe  
  51  4:47  Pylon  
  52  4:56  Probe  
  53  5:03  Pylon  
  53  5:05  Void Ray  
  57  5:08  Void Ray  
  61  5:21  Void Ray  
  61  5:22  Pylon  
  65  5:29  Pylon  
  65  5:35  Probe  
  66  5:47  Probe  
  66  5:48  Void Ray  
  66  5:49  Robotics Facility  
  71  5:54  Void Ray  
  75  6:06  Void Ray  
  79  6:19  Protoss Air Armor Level 1 (Chrono Boost)  
  79  6:31  Void Ray  
  83  6:37  Observer  
  84  6:56  Pylon  
  83  7:02  Pylon  
  83  7:13  Void Ray  
  87  7:23  Observer  
  87  7:24  Void Ray  
  87  7:25  Void Ray  
  96  7:36  Nexus  
  96  7:43  Pylon  
  96  7:55  Assimilator  
  96  7:56  Void Ray  
  100  8:00  Assimilator  
  100  8:05  Photon Cannon  
  100  8:10  Photon Cannon  
  100  8:13  Void Ray x2  
  106  9:30  Observer  
  107  9:32  Void Ray  
  107  9:33  Void Ray x2  
  107  9:51  Observer  
  88  10:15  Void Ray x2  
  65  11:02  Void Ray x3  
  40  11:45  Void Ray  
  44  11:50  Probe  
  44  11:53  Probe  
  46  12:02  Probe  
  46  12:03  Probe x2  
  49  12:10  Void Ray  
  49  12:13  Probe  
  49  12:14  Probe x2  
  56  12:24  Probe  
  57  12:34  Probe  
  58  12:45  Probe  
Show
View Real Time Build Order
Export as new Build Order

vitor Protoss 

Build Orders:  

Get SALT Encoding   

  12  0:04  Probe (Chrono Boost)  
  13  0:15  Probe (Chrono Boost)  
  14  0:23  Pylon  
  14  0:25  Probe (Chrono Boost)  
  15  0:41  Probe (Chrono Boost)  
  16  0:47  Gateway  
  16  0:51  Probe (Chrono Boost)  
  16  0:54  Assimilator  
  17  1:02  Probe (Chrono Boost)  
  18  1:05  Assimilator  
  18  1:13  Probe (Chrono Boost)  
  18  1:14  Forge  
  19  1:23  Probe (Chrono Boost)  
  20  1:34  Probe (Chrono Boost)  
  21  1:43  Cybernetics Core  
  21  1:44  Probe (Chrono Boost)  
  22  1:51  Pylon  
  22  2:04  Gateway  
  22  2:12  Photon Cannon  
  22  2:21  Photon Cannon  
  22  2:31  Photon Cannon  
  22  2:41  Stalker  
  24  2:57  Robotics Facility  
  24  3:05  Stargate  
  24  3:17  Protoss Shields Level 1  
  24  3:22  Stalker  
  26  3:45  Observer  
  27  3:52  Stalker  
  29  4:03  Nexus  
  29  4:22  Stalker  
  31  4:48  Pylon  
  31  5:04  Pylon  
  31  5:11  Photon Cannon  
  31  5:14  Photon Cannon  
  31  5:16  Photon Cannon  
  31  5:23  Photon Cannon  
  31  5:26  Void Ray  
  35  5:32  Probe (Chrono Boost)  
  37  5:42  Probe (Chrono Boost)  
  37  5:53  Probe (Chrono Boost)  
  38  6:03  Probe (Chrono Boost)  
  38  6:07  Twilight Council  
  38  6:09  Void Ray  
  42  6:14  Probe (Chrono Boost)  
  43  6:25  Probe (Chrono Boost)  
  44  6:35  Probe (Chrono Boost)  
  45  6:46  Probe (Chrono Boost)  
  46  6:52  Phoenix  
  48  6:56  Probe (Chrono Boost)  
  49  7:02  Blink  
  49  7:07  Probe (Chrono Boost)  
  50  7:12  Assimilator  
  50  7:16  Protoss Shields Level 2  
  50  7:17  Probe (Chrono Boost)  
  50  7:22  Protoss Air Weapons Level 1  
  51  7:26  Void Ray  
  51  7:28  Probe (Chrono Boost)  
  56  7:38  Probe (Chrono Boost)  
  56  7:40  Assimilator  
  57  8:09  Void Ray  
  61  8:27  Nexus  
  61  9:01  Pylon  
  61  9:13  Phoenix  
  59  9:42  Void Ray  
  36  10:17  Pylon  
  33  10:24  Void Ray  
  17  10:49  Nexus  
  16  10:54  Pylon  
  16  11:07  Void Ray  
  20  11:12  Gateway  
  20  11:13  Gateway  
  20  11:39  Probe (Chrono Boost)  
  10  12:17  Photon Cannon  
  1  12:44  Nexus  
  1  12:56  Pylon  
Show
View Real Time Build Order
Export as new Build Order

Isabella Protoss 

Build Orders: Carrier Rush 

Get SALT Encoding   

  12  0:02  Probe (Chrono Boost)  
  13  0:15  Pylon  
  13  0:24  Assimilator  
  13  0:35  Probe (Chrono Boost)  
  14  0:39  Gateway  
  14  0:56  Probe (Chrono Boost)  
  15  1:04  Assimilator  
  15  1:08  Pylon  
  15  1:24  Probe (Chrono Boost)  
  16  1:30  Cybernetics Core  
  16  1:35  Probe (Chrono Boost)  
  17  2:03  Probe (Chrono Boost)  
  18  2:09  Stargate  
  18  2:14  Probe (Chrono Boost)  
  19  2:22  Nexus  
  19  2:34  Nexus  
  19  2:41  Probe (Chrono Boost)  
  20  3:02  Fleet Beacon  
  20  3:12  Probe (Chrono Boost)  
  21  3:23  Probe (Chrono Boost)  
  22  3:35  Probe (Chrono Boost)  
  23  3:45  Carrier (Chrono Boost), Probe (Chrono Boost)  
  30  3:52  Protoss Air Weapons Level 1  
  30  3:58  Assimilator  
  30  4:04  Probe x2  
  30  4:05  Assimilator  
  32  4:14  Probe  
  32  4:16  Probe  
  34  4:46  Probe  
  34  4:48  Probe  
  36  4:57  Probe, Stargate  
  37  5:00  Probe, Pylon  
  37  5:01  Carrier (Chrono Boost)  
  44  5:09  Graviton Catapult (Chrono Boost)  
  44  5:14  Probe  
  44  5:16  Probe  
  46  5:25  Probe  
  46  5:28  Probe  
  48  5:36  Probe  
  48  5:40  Probe  
  50  5:47  Pylon x2  
  50  5:49  Pylon  
  50  5:50  Protoss Air Weapons Level 2  
  50  5:56  Mothership Core  
  52  5:59  Probe  
  53  6:09  Probe  
  54  6:15  Carrier (Chrono Boost)  
  66  6:43  Carrier (Chrono Boost)  
  72  7:13  Stargate  
  72  7:35  Carrier (Chrono Boost)  
  78  7:50  Cybernetics Core  
  78  7:52  Forge  
  78  7:55  Pylon x2  
  78  7:57  Pylon  
  78  8:14  Carrier (Chrono Boost)  
  90  8:26  Carrier (Chrono Boost)  
  90  8:57  Carrier (Chrono Boost)  
  96  9:29  Carrier (Chrono Boost)  
  102  9:49  Pylon x2  
  102  9:51  Pylon  
  102  9:59  Assimilator  
  102  10:03  Assimilator  
  102  10:06  Pylon  
  108  10:08  Pylon  
  108  10:19  Carrier (Chrono Boost)  
  108  10:51  Carrier x2 (Chrono Boost)  
  88  12:43  Carrier x2 (Chrono Boost)  
  106  12:54  Carrier (Chrono Boost)  
  100  13:35  Nexus  
  88  13:55  Stargate  
  88  13:56  Stargate  
  88  13:58  Stargate  
  34  15:07  Probe  
  19  15:29  Probe  
  2  15:59  Pylon  
  2  16:01  Pylon  
  2  16:02  Pylon  
  2  16:04  Pylon  
  2  16:05  Pylon  
  2  16:10  Probe  
  2  16:18  Assimilator  
  3  16:20  Probe, Gateway  
  3  16:22  Forge, Assimilator  
  4  16:31  Probe  
  5  16:41  Probe  
  6  16:52  Probe  
  7  17:00  Photon Cannon  
  7  17:02  Photon Cannon  
  7  17:03  Probe, Photon Cannon  
  7  17:04  Photon Cannon  
  7  17:06  Photon Cannon  
  7  17:07  Photon Cannon  
  8  17:09  Photon Cannon  
  8  17:10  Cybernetics Core  
  8  17:13  Probe  
Show
View Real Time Build Order
Export as new Build Order

will Zerg 

Build Orders: Pool First 

Get SALT Encoding   

  12  0:04  Drone  
  13  0:18  Drone  
  14  0:25  Extractor  
  14  0:27  Extractor  
  12  0:28  Drone x2  
  12  0:32  Overlord  
  16  0:48  Spawning Pool  
  15  0:52  Drone x2  
  17  1:02  Drone  
  18  1:06  Extractor  
  17  1:35  Queen  
  17  1:36  Overlord x2  
  19  1:47  Roach Warren  
  19  1:48  Overlord  
  18  2:45  Roach  
  18  2:46  Roach x5  
  30  3:02  Roach  
  32  3:20  Hatchery  
  32  3:22  Drone x4  
  32  3:25  Burrow  
  35  4:14  Drone x6  
  41  4:33  Extractor  
  40  4:44  Lair  
  40  4:54  Spore Crawler  
  39  5:04  Roach x5  
  49  5:08  Roach  
  51  5:36  Queen, Extractor  
  51  5:42  Overlord x3  
  52  5:54  Overlord x2  
  52  5:55  Overlord x3  
  52  6:11  Pneumatized Carapace  
  52  6:16  Drone x3  
  55  6:21  Tunneling Claws  
  55  6:47  Roach  
  55  6:48  Roach x4  
  55  6:49  Roach x2  
  55  6:50  Roach x2  
  73  7:07  Overseer  
  73  7:40  Extractor  
  72  7:52  Roach x5  
  72  7:53  Roach  
  84  8:03  Infestation Pit  
  83  8:11  Hydralisk Den  
  82  8:39  Roach x6  
  94  8:42  Roach x2  
  98  8:50  Drone  
  99  9:07  Drone  
  99  9:08  Drone x2  
  102  9:33  Drone x2  
  102  9:35  Roach x3  
  110  10:13  Hydralisk x3  
  114  10:29  Roach x38  
  114  11:03  Hydralisk  
  114  11:04  Hydralisk x2  
  114  11:08  Roach x26  
  32  11:43  Hive  
  32  11:56  Nydus Network  
  31  12:23  Roach  
  31  12:24  Roach  
  31  12:25  Roach x4  
  31  12:26  Roach  
  31  12:27  Roach x5  
  55  12:44  Nydus Canal  
  55  12:51  Roach x2  
  59  13:05  Roach x4  
  67  13:06  Roach  
  67  13:07  Roach x4  
  73  13:37  Infestor x2  
  73  13:38  Infestor  
  73  13:40  Roach x3  
  79  14:27  Infestor x3  
  79  14:44  Roach x21  
  64  15:40  Hatchery  
  59  16:18  Infestor x2  
  59  16:35  Roach x21  
Show
View Real Time Build Order
Export as new Build Order

apazapt Terran - Winner!

Build Orders:  

Get SALT Encoding   

  12  4:20  SCV  
  13  4:29  Command Center  
  13  4:32  Refinery, SCV  
  13  4:36  Refinery  
  14  4:44  SCV  
  14  4:45  Supply Depot  
  15  5:07  SCV  
  16  5:14  Command Center  
  16  5:19  SCV  
  17  5:23  Engineering Bay  
  17  5:31  SCV  
  18  5:37  Barracks  
  18  5:43  SCV  
  19  5:55  SCV  
  20  5:59  Supply Depot  
  20  6:07  SCV  
  20  6:08  Barracks  
  21  6:19  SCV  
  22  6:32  Orbital Command  
  22  6:34  Orbital Command  
  22  6:45  Command Center  
  22  7:03  Orbital Command  
  22  7:10  Barracks Tech Lab  
  22  7:11  Terran Infantry Weapons Level 1  
  22  7:16  Engineering Bay  
  22  7:19  Factory  
  22  7:28  Barracks  
  22  7:30  Barracks  
  22  7:31  Barracks x2  
  22  7:34  Barracks  
  22  7:37  Barracks  
  22  7:38  Barracks  
  22  7:39  SCV x3  
  22  7:41  Barracks  
  25  7:51  SCV x3  
  28  8:01  Combat Shields  
  28  8:03  SCV  
  29  8:17  Barracks Tech Lab  
  29  8:19  Barracks  
  29  8:24  Orbital Command  
  29  8:33  SCV  
  30  8:39  Barracks Reactor x6  
  30  8:40  Barracks Reactor x2  
  30  8:44  Stimpack  
  30  8:45  SCV  
  30  8:48  Starport  
  31  8:49  Factory Reactor  
  31  8:57  SCV  
  32  9:06  Terran Infantry Armor Level 1  
  32  9:09  SCV  
  33  9:10  Armory  
  33  9:21  Refinery, SCV  
  33  9:22  Refinery, Marine x4  
  33  9:23  Marine x8  
  33  9:24  Marine x6  
  52  9:39  Marine  
  52  9:40  Marine  
  54  9:58  Medivac x2  
  58  10:28  Medivac x2  
  62  10:45  Marine x4  
  62  10:46  Marine x7  
  62  10:47  Marine x3  
  76  11:02  Supply Depot  
  76  11:03  Supply Depot x2  
  76  11:05  Supply Depot  
  76  11:06  Supply Depot  
  76  11:08  Supply Depot  
  76  11:22  Marine  
  76  11:23  Marine x2  
  76  11:24  Medivac x2  
  71  11:53  Medivac x2  
  44  12:02  Marine x4  
  44  12:03  Marine x3  
  48  12:09  Marine x5  
  48  12:10  Marine x2  
  49  12:23  Medivac x2  
Show
View Real Time Build Order
Export as new Build Order

yamato Terran - Winner!

Build Orders: Command Center First (CC) 

Get SALT Encoding   

  12  0:01  SCV  
  13  0:13  SCV  
  14  0:25  SCV, Supply Depot  
  15  0:47  SCV  
  16  0:59  SCV  
  17  1:11  Command Center, SCV  
  18  1:23  SCV  
  19  1:27  Barracks  
  19  1:35  SCV  
  20  1:44  Refinery  
  20  1:47  SCV  
  20  1:49  Refinery  
  21  1:59  SCV  
  21  2:00  Supply Depot  
  23  2:16  Orbital Command  
  22  2:23  Orbital Command  
  22  2:32  Factory  
  22  2:40  Barracks Reactor  
  22  2:41  SCV  
  23  2:50  SCV  
  24  2:53  SCV  
  25  3:02  SCV  
  26  3:05  SCV  
  27  3:14  SCV  
  27  3:18  Command Center, SCV  
  29  3:26  Widow Mine x2, SCV  
  34  3:31  SCV  
  35  3:38  SCV  
  35  3:39  Refinery x2  
  36  3:43  SCV  
  36  3:47  Engineering Bay  
  37  3:50  SCV  
  37  3:52  Supply Depot  
  37  3:55  SCV  
  39  4:02  SCV  
  40  4:03  Widow Mine  
  40  4:04  Widow Mine  
  40  4:07  SCV  
  45  4:14  SCV  
  46  4:19  SCV  
  47  4:26  SCV  
  48  4:31  SCV  
  49  4:38  SCV  
  49  4:40  Missile Turret  
  49  4:42  Missile Turret  
  49  4:43  SCV  
  51  4:51  SCV  
  52  4:55  SCV  
  53  5:00  Planetary Fortress  
  53  5:03  SCV  
  54  5:07  SCV  
  54  5:10  Starport  
  54  5:13  Starport  
  55  5:14  Starport  
  55  5:15  SCV  
  55  5:20  SCV  
  57  5:21  Starport  
  57  5:24  Supply Depot  
  57  5:25  Supply Depot  
  57  5:27  Refinery, SCV  
  57  5:28  Refinery  
  58  5:29  Missile Turret  
  58  5:31  Missile Turret  
  58  5:32  SCV  
  58  5:33  Missile Turret  
  59  5:36  Missile Turret  
  59  5:37  SCV  
  59  5:39  SCV  
  61  5:44  SCV  
  61  5:49  SCV  
  63  5:50  Starport Tech Lab  
  63  5:51  Starport Tech Lab x2, SCV  
  63  5:56  SCV  
  65  5:57  Armory  
  65  6:00  Starport Tech Lab  
  65  6:01  SCV  
  65  6:03  SCV  
  67  6:08  SCV  
  68  6:13  SCV  
  68  6:14  Raven x3  
  75  6:26  Raven, Recalibrated Explosives, Missile Turret  
  75  6:27  Missile Turret  
  75  6:30  Missile Turret  
  75  6:32  Starport  
  77  6:43  Corvid Reactor  
  77  6:46  Terran Vehicle And Ship Armor Level 1  
  77  6:47  Hi-Sec Auto Tracking  
  77  6:50  Supply Depot  
  77  6:53  Supply Depot  
  77  6:55  Supply Depot  
  77  7:10  Starport Tech Lab  
  77  7:11  Raven x2  
  77  7:13  Missile Turret  
  77  7:14  Marine  
  80  7:19  Raven  
  82  7:26  Missile Turret  
  82  7:31  Command Center  
  82  7:32  Marine  
  83  7:39  Missile Turret  
  83  7:46  Raven x2  
  83  7:50  Marine  
  88  7:54  Barracks  
  88  7:57  Barracks, Supply Depot x2  
  88  8:00  Supply Depot  
  88  8:03  Raven  
  90  8:05  Missile Turret  
  90  8:08  Raven, Marine  
  93  8:17  Missile Turret  
  93  8:20  Supply Depot  
  93  8:21  Raven  
  93  8:22  Missile Turret  
  93  8:23  Supply Depot  
  93  8:25  Missile Turret, Marine  
  93  8:26  Missile Turret  
  96  8:29  Missile Turret  
  96  8:32  Missile Turret  
  96  8:33  Raven  
  98  8:43  Marine  
  98  8:45  Missile Turret  
  99  8:55  Raven  
  100  8:57  Marine x2  
  100  9:01  Marine  
  103  9:07  Missile Turret  
  103  9:15  Marine x2  
  105  9:19  Marine  
  105  9:21  Raven x2  
  104  9:33  Marine x2  
  104  9:37  Marine  
  105  9:50  Marine  
  105  9:51  Marine  
  107  9:53  Raven x3  
  107  9:54  Marine  
  114  10:04  Raven  
  116  10:08  Marine x2  
  116  10:12  Marine  
  119  10:24  Raven  
  119  10:26  Marine x2  
  121  10:30  Marine  
  120  10:43  Raven x2, Missile Turret  
  120  10:44  Missile Turret, Marine x2  
  120  10:48  Marine  
  127  10:55  SCV x3  
  130  11:02  Marine x2  
  132  11:04  Missile Turret, Raven x2  
  132  11:06  Marine  
  132  11:07  SCV  
  138  11:19  Marine  
  138  11:20  Marine  
  138  11:24  Marine  
  120  11:37  Marine x2  
  120  11:38  Raven x2  
  123  11:41  Marine  
  123  11:44  Raven  
  126  11:55  Marine x2  
  126  11:59  Marine  
  129  12:02  Raven  
  131  12:13  Marine x2  
  133  12:17  Marine  
  133  12:19  Raven  
  133  12:26  Raven  
  135  12:31  Marine x2  
  135  12:35  Marine  
  138  12:49  Marine x2  
  140  12:53  Marine  
  140  12:56  Raven x2  
  145  13:01  Refinery  
  145  13:03  Refinery  
  145  13:06  Marine  
  145  13:07  Marine  
  145  13:10  Marine  
  147  13:17  Raven x3  
  153  13:24  Marine x2  
  148  13:28  Marine  
  148  13:29  Missile Turret  
  148  13:31  Missile Turret  
  148  13:32  Missile Turret  
  149  13:35  Missile Turret  
  149  13:36  Missile Turret x2  
  149  13:42  Marine x2  
  149  13:43  Raven x2  
  149  13:46  Marine  
  156  13:49  Missile Turret  
  156  14:00  Marine x2  
  156  14:01  Raven  
  156  14:02  Raven  
  162  14:04  Marine  
  162  14:18  Marine x2  
  162  14:22  Marine  
  165  14:34  Missile Turret  
  165  14:35  Marine  
  165  14:36  Marine  
  167  14:38  Missile Turret  
  167  14:39  Marine  
  167  14:40  Orbital Command  
  167  14:41  Missile Turret  
  167  14:44  Missile Turret  
  168  14:46  Missile Turret  
  168  14:52  Raven x4  
  170  14:53  Raven, Marine x2  
  180  15:02  Missile Turret  
  180  15:08  Missile Turret x2  
  180  15:10  Missile Turret  
  180  15:12  Missile Turret  
  180  15:16  Missile Turret  
  180  15:17  Missile Turret  
  180  15:21  Missile Turret  
  180  15:22  Marine x2  
  180  15:25  Marine  
  173  15:39  Marine  
  173  15:41  Missile Turret  
  174  16:04  Marine  
  174  16:05  Marine x2  
  177  16:21  Sensor Tower  
  177  16:22  Marine  
  177  16:23  Marine x2  
  180  16:28  Sensor Tower  
  180  16:39  Sensor Tower  
  180  17:07  Command Center  
  180  17:14  Missile Turret  
  180  17:16  Missile Turret  
Show
View Real Time Build Order
Export as new Build Order

Vash Protoss - Winner!

Build Orders: 1 Gate Expand 

Get SALT Encoding   

  12  0:04  Probe (Chrono Boost)  
  13  0:27  Probe (Chrono Boost)  
  14  0:32  Pylon  
  14  0:38  Probe (Chrono Boost)  
  15  0:50  Probe (Chrono Boost)  
  15  0:52  Gateway  
  16  1:01  Probe (Chrono Boost)  
  17  1:24  Nexus  
  17  1:27  Probe (Chrono Boost)  
  18  1:33  Pylon  
  18  1:38  Probe (Chrono Boost)  
  19  1:48  Probe (Chrono Boost)  
  19  1:51  Zealot  
  22  1:55  Forge  
  22  1:59  Probe (Chrono Boost)  
  23  2:09  Assimilator  
  23  2:13  Gateway  
  23  2:21  Probe (Chrono Boost)  
  24  2:30  Assimilator, Zealot  
  26  2:39  Probe (Chrono Boost)  
  26  2:41  Probe (Chrono Boost)  
  28  2:54  Probe (Chrono Boost)  
  28  2:55  Probe (Chrono Boost)  
  30  3:01  Cybernetics Core  
  30  3:02  Zealot x2  
  34  3:07  Pylon  
  34  3:12  Photon Cannon  
  34  3:16  Probe x2 (Chrono Boost)  
  36  3:26  Probe (Chrono Boost)  
  36  3:27  Probe (Chrono Boost)  
  36  3:33  Protoss Ground Weapons Level 1 (Chrono Boost)  
  38  3:35  Warp Gate (Chrono Boost)  
  38  3:40  Twilight Council  
  38  3:47  Zealot  
  40  3:49  Probe, Zealot  
  40  3:53  Probe  
  44  4:02  Probe  
  44  4:05  Probe  
  46  4:13  Probe  
  46  4:15  Pylon, Gateway  
  47  4:17  Probe  
  47  4:18  Charge (Chrono Boost)  
  48  4:28  Gateway  
  48  4:31  Gateway  
  49  5:00  Probe x2  
  49  5:03  Assimilator  
  50  5:07  Pylon  
  50  5:08  Assimilator, Zealot x2  
  50  5:09  Zealot  
  56  5:17  Probe x2  
  56  5:18  Pylon  
  58  5:29  Probe x2  
  58  5:30  Protoss Ground Weapons Level 2 (Chrono Boost)  
  60  5:46  Robotics Facility  
  60  5:49  Gateway  
  60  5:51  Gateway  
  60  5:53  Gateway  
  60  6:15  Stalker x2  
  60  6:16  Stalker x3  
  70  6:20  Pylon  
  70  6:24  Probe x2  
  72  6:30  Pylon  
  72  6:34  Observer (Chrono Boost)  
  73  6:41  Photon Cannon  
  73  6:52  Photon Cannon  
  73  6:54  Probe x2  
  75  7:06  Probe x2  
  77  7:18  Probe x2  
  77  7:21  Stalker x3  
  85  7:23  Stalker x2  
  85  7:25  Stalker x2  
  93  7:30  Probe  
  93  7:31  Pylon  
  93  7:33  Pylon  
  94  7:45  Blink  
  94  7:53  Robotics Bay  
  94  7:54  Forge  
  94  7:55  Protoss Ground Weapons Level 3 (Chrono Boost)  
  94  7:56  Forge  
  94  8:28  Probe x2  
  96  8:43  Probe x2  
  96  8:46  Stalker x4  
  96  8:47  Stalker x2  
  110  9:14  Pylon  
  110  9:15  Pylon  
  110  9:17  Pylon  
  110  9:19  Pylon  
  110  9:21  Pylon  
  110  9:24  Protoss Shields Level 1 (Chrono Boost), Protoss Ground Armor Level 1 (Chrono Boost)  
  108  9:58  Stalker x3  
  108  9:59  Stalker x3  
  116  10:00  Stalker  
  118  10:11  Gateway x2  
  118  10:13  Gateway  
  118  10:16  Gateway  
  118  10:18  Gateway  
  118  10:20  Gateway  
  118  10:26  Gateway  
  118  10:29  Gateway  
  118  10:32  Pylon  
  118  10:36  Pylon  
  118  10:42  Stalker x4  
  110  10:43  Stalker x4  
  110  11:05  Protoss Ground Armor Level 2 (Chrono Boost), Protoss Shields Level 2 (Chrono Boost)  
  98  11:52  Stalker x3  
  98  11:53  Stalker x3  
  98  11:54  Stalker x2  
  112  11:55  Stalker x2  
  112  11:56  Stalker  
  120  12:31  Stalker  
  120  12:32  Stalker x5  
  120  12:33  Stalker x3  
  136  13:57  Stalker x3  
  136  13:58  Stalker x3  
  136  13:59  Stalker x2  
  136  14:00  Stalker x2  
  136  14:01  Stalker  
  154  14:45  Nexus  
Show
View Real Time Build Order
Export as new Build Order

Metasapien Zerg - Winner!

Build Orders: Pool First 

Get SALT Encoding   

  12  0:16  Drone  
  13  0:30  Overlord  
  13  0:31  Spawning Pool  
  12  0:37  Drone  
  12  0:40  Drone  
  14  0:48  Drone, Extractor  
  14  0:57  Drone  
  15  1:04  Drone  
  16  1:24  Drone  
  17  1:28  Hatchery  
  16  1:39  Drone x2  
  18  1:51  Drone  
  19  2:00  Drone  
  20  2:14  Drone  
  21  2:18  Metabolic Boost  
  21  2:24  Hatchery  
  21  2:27  Queen  
  22  2:32  Extractor  
  22  2:37  Overlord  
  21  2:46  Drone  
  21  2:51  Queen  
  22  2:54  Drone  
  22  2:58  Drone  
  26  3:03  Drone  
  27  3:11  Drone x2  
  27  3:12  Drone  
  30  3:18  Drone  
  31  3:24  Overlord  
  31  3:27  Drone  
  31  3:33  Overlord  
  32  3:40  Drone  
  32  3:41  Queen  
  33  3:45  Zergling x4  
  33  3:47  Zergling x2  
  38  3:49  Zergling x2  
  38  3:52  Drone  
  40  3:57  Drone  
  40  4:02  Drone  
  42  4:04  Drone  
  42  4:05  Drone  
  42  4:08  Drone  
  45  4:11  Lair  
  45  4:15  Drone x2  
  48  4:17  Drone  
  48  4:25  Zergling x4  
  48  4:26  Zergling x4  
  52  4:32  Roach Warren  
  51  4:50  Drone x2  
  51  4:52  Drone x3  
  56  4:54  Drone x2  
  56  4:55  Overlord  
  56  4:58  Extractor  
  57  5:00  Extractor  
  56  5:10  Hydralisk Den  
  56  5:12  Drone x2  
  57  5:14  Infestation Pit  
  57  5:18  Drone x3  
  57  5:19  Drone x2  
  57  5:20  Drone  
  62  5:23  Drone x4  
  66  5:28  Overlord  
  66  5:29  Overlord  
  66  5:30  Overlord  
  66  5:32  Glial Reconstitution  
  66  5:41  Spine Crawler  
  65  5:43  Spine Crawler  
  65  5:44  Spore Crawler  
  65  5:45  Drone, Spore Crawler  
  65  5:46  Drone  
  64  5:50  Overlord x2  
  64  5:51  Hydralisk  
  64  5:53  Hydralisk  
  68  6:00  Spore Crawler  
  68  6:04  Drone x3  
  68  6:06  Drone x3  
  68  6:10  Extractor  
  72  6:12  Drone, Extractor  
  72  6:14  Overlord  
  72  6:16  Drone  
  73  6:21  Queen  
  73  6:22  Pneumatized Carapace  
  73  6:25  Hydralisk x2  
  75  6:26  Hydralisk  
  81  6:33  Drone x2  
  81  6:34  Drone x2  
  81  6:38  Drone x2  
  87  6:40  Drone  
  87  6:42  Overlord x2  
  88  6:53  Drone x2  
  90  6:56  Hydralisk x4  
  90  6:57  Hydralisk x2  
  90  6:58  Hydralisk  
  104  7:04  Queen  
  106  7:13  Hydralisk x4  
  106  7:14  Hydralisk  
  116  7:18  Muscular Augments  
  116  7:26  Evolution Chamber  
  116  7:29  Evolution Chamber  
  114  7:40  Hive  
  114  7:47  Drone  
  114  7:48  Drone  
  116  7:56  Nydus Network  
  115  8:00  Overseer x2  
  115  8:02  Overseer  
  115  8:05  Hydralisk x2  
  115  8:06  Roach x3, Hydralisk  
  115  8:07  Overlord x2  
  115  8:08  Overlord  
  115  8:09  Overlord  
  127  8:12  Zerg Missile Weapons Level 1  
  127  8:13  Zerg Ground Armor Level 1  
  127  8:25  Hydralisk  
  127  8:26  Hydralisk, Roach x3  
  127  8:27  Hydralisk, Roach x3  
  141  8:34  Burrow  
  145  8:35  Drone  
  146  8:55  Drone, Roach, Hydralisk x4  
  153  8:56  Hydralisk, Roach  
  153  9:01  Overlord  
  153  9:02  Overlord  
  161  9:14  Overlord x2  
  161  9:24  Hydralisk x3  
  161  9:25  Roach, Hydralisk x2  
  161  9:26  Roach x2  
  177  9:36  Overlord x2  
  177  9:38  Infestor x2  
  150  9:57  Viper, Hydralisk  
  147  10:00  Viper  
  150  10:10  Zerg Missile Weapons Level 2  
  109  10:33  Hatchery  
  102  10:36  Overseer x2  
  102  10:38  Hydralisk x3  
  102  10:39  Roach x2, Hydralisk x2  
  102  10:40  Roach  
  118  10:50  Zerg Ground Armor Level 2  
  118  10:57  Roach, Hydralisk  
  118  10:58  Zergling x8, Roach  
  118  10:59  Zergling x12  
  118  11:00  Zergling x4  
  136  11:13  Drone  
  136  11:14  Drone x2  
  136  11:18  Extractor  
  138  11:20  Extractor  
  137  11:32  Hydralisk  
  137  11:33  Hydralisk x6  
  137  11:34  Hydralisk x4  
  153  12:09  Hydralisk x2  
  153  12:10  Hydralisk x6  
  153  12:11  Hydralisk  
  165  12:36  Hydralisk  
  125  12:37  Hydralisk x9  
  145  12:58  Hydralisk x6  
  157  13:09  Hydralisk x4  
  165  13:21  Hydralisk x7  
  165  13:22  Hydralisk x4  
  102  13:53  Hydralisk x2  
  102  13:54  Hydralisk x6  
  102  13:55  Hydralisk  
  97  13:58  Hydralisk  
  45  14:30  Hydralisk x3  
  45  14:31  Hydralisk  
  53  14:42  Drone x2  
  53  14:55  Drone x2  
  53  14:57  Hydralisk x3  
  61  15:03  Drone  
  61  15:04  Drone x3  
  61  15:06  Drone  
  66  15:12  Hydralisk  
  67  15:27  Drone x3  
  67  15:28  Drone  
  70  15:42  Spawning Pool  
  70  15:45  Drone  
  70  15:46  Drone  
  70  15:47  Overlord x2  
  70  15:48  Overlord x2  
  71  16:00  Overlord  
  71  16:01  Overlord  
  71  16:02  Overlord  
  72  16:25  Drone  
  72  16:34  Zergling x8  
  72  16:35  Zergling x14  
  69  17:07  Zergling x2  
  68  17:09  Zergling x10  
  68  17:10  Zergling x8  
  77  17:20  Roach Warren  
Tags
 
Add a new tag
Caveats
  • Supply blocks, unpowered buildings, or Contaminate may cause inaccurate times.
  • Supply counts are checked every 10 seconds.